 Dungeon Crawl Stone Soup version 0.29.1-15-g9cfb28693d (webtiles) character file.

Game seed: 3152401777773660245

232 Mickster the Chopper (level 6, -8/79 HPs)
             Began as a Hill Orc Berserker on Apr 30, 2023.
             Was a Believer of Trog.
             Mangled by an ice beast (11 damage)
             ... on level 5 of the Dungeon.
             The game lasted 00:14:41 (2329 turns).

Mickster the Chopper (Hill Orc Berserker)           Turns: 2329, Time: 00:14:41

Health: -8/79      AC: 11    Str: 22    XL:     6   Next: 4%
Magic:  6/6        EV:  8    Int:  7    God:    Trog [**....]
Gold:   65         SH:  0    Dex: 10    Spells: 5/5 levels left

rFire   . . .      SeeInvis .   m - +1 hand axe (vorpal)
rCold   . . .      Faith    .   (no shield)
rNeg    . . .      Spirit   .   j - +0 chain mail
rPois   .          Reflect  .   (no helmet)
rElec   .          Harm     .   (no cloak)
rCorr   .          Rampage  .   (no gloves)
Will    .....                   e - +1 pair of boots
Stlth   ..........              (no amulet)
HPRegen 0.23/turn               (no ring)
MPRegen 0.10/turn               (no ring)

@: berserking, very quick
A: no striking features
a: Renounce Religion, Berserk, Trog's Hand


You were on level 5 of the Dungeon.
You worshipped Trog.
Trog was pleased with you.
You visited 1 branch of the dungeon, and saw 4 of its levels.

You collected 65 gold pieces.

Inventory:

Hand Weapons
 d - a +0 long sword
 f - a +0 flail
 g - a +0 dagger of venom
 m - a +1 vorpal hand axe (weapon)
 p - a +0 war axe
Missiles
 c - 10 poisoned darts (quivered)
 k - 12 stones
Armour
 e - a +1 pair of boots (worn)
 j - a +0 chain mail (worn)
Jewellery
 n - a ring of positive energy
Wands
 b - a wand of charming (4)
Scrolls
 a - a scroll of blinking
 i - 2 scrolls of teleportation
 l - a scroll of identify
 o - a scroll of vulnerability {unknown}
Potions
 h - a potion of ambrosia


   Skills:
 + Level 4.4 Fighting
 * Level 7.0 Axes
 + Level 3.0 Armour
 + Level 2.3 Dodging
 + Level 0.2 Stealth


You had 5 spell levels left.
You didn't know any spells.
Your spell library was empty.

Dungeon Overview and Level Annotations

Branches:
Dungeon (5/15)             Temple (0/1) D:4

Altars:


Message History

You see here a +0 war axe.
p - a +0 war axe You are no longer berserk.
You are exhausted.
You feel yourself slow down.
There are no items here.
Items here: )) [ ††.
You feel yourself speed up.
Found a stone staircase leading up.
You recover from your berserk rage.
An ice beast comes into view.
Found a stone staircase leading up.
The ice beast hits you. The ice beast freezes you!
* * * LOW HITPOINT WARNING * * *
You barely miss the ice beast. The ice beast hits you.
* * * LOW HITPOINT WARNING * * *
The ice beast freezes you!
* * * LOW HITPOINT WARNING * * *
You hit the ice beast but do no damage.
The ice beast hits you but does no damage.
You hit the ice beast.
The ice beast is lightly wounded.
The ice beast completely misses you.
You closely miss the ice beast.
The ice beast is lightly wounded.
You hit the ice beast.
The ice beast is moderately wounded.
The ice beast closely misses you.
You closely miss the ice beast.
The ice beast is moderately wounded.
The ice beast hits you but does no damage.
A red film seems to cover your vision as you go berserk!
You feel yourself moving faster!
You feel mighty!
The ice beast hits you but does no damage.
You barely miss the ice beast.
The ice beast is moderately wounded.
The ice beast hits you.
* * * LOW HITPOINT WARNING * * *
The ice beast freezes you!
You die...

........# .......#
.......# ..#...##
.##...# ### ##...##
######.... ##...#
########.........
#...####<...............
#...............@Y..<.#
..............#########
.........######
.....##### .##### #


You could see an ice beast.

Vanquished Creatures
  A howler monkey (D:4)
  2 orc priests
  A hound (D:5)
  An iguana (D:4)
  An orc wizard (D:5)
  An ufetubus (D:5)
  A worm (D:2)
  5 orcs
  5 bats
  3 endoplasms
  2 giant cockroaches
  2 goblins (D:1)
  2 hobgoblins
  4 jackals (D:2)
  3 ball pythons
  5 kobolds
  3 rats
42 creatures vanquished.

Vanquished Creatures (others)
  A plant (D:4)
1 creature vanquished.

Grand Total: 43 creatures vanquished

Notes
Turn   | Place    | Note
-------+----------+-------------------------------------------
     0 | D:1      | Mickster the Hill Orc Berserker began the quest for the
                  | Orb.
     0 | D:1      | Reached XP level 1. HP: 19/19 MP: 1/1
    50 | D:1      | Found a faded altar of an unknown god.
   309 | D:1      | Reached XP level 2. HP: 22/27 MP: 2/2
   846 | D:2      | Reached XP level 3. HP: 29/33 MP: 3/3
   858 | D:2      | Reached ** piety under Trog
   892 | D:2      | You fall into a shaft and drop 2 floors!
  1309 | D:4      | Reached skill level 5 in Axes
  1309 | D:4      | Reached XP level 4. HP: 23/40 MP: 4/4
  1727 | D:4      | Found a staircase to the Ecumenical Temple.
  1983 | D:4      | Reached skill level 6 in Axes
  1983 | D:4      | Reached XP level 5. HP: 46/46 MP: 5/5
  2209 | D:5      | Entered Level 5 of the Dungeon
  2264 | D:5      | Reached skill level 7 in Axes
  2264 | D:5      | Reached XP level 6. HP: 14/53 MP: 6/6
  2318 | D:5      | Noticed an ice beast
  2322 | D:5      | HP: 2/53 [ice beast (8)]
  2329 | D:5      | HP: 3/79 [ice beast (1)]
  2329 | D:5      | Mangled by an ice beast

Illustrated notes

Levels and vault maps discovered:
D:1:      dpeg_arrival_signposts, layout_rooms,
          hellmonk_ecumenical_altar_lost_god
D:2:      layout_basic
D:4:      layout_loops_ring, minmay_temple_entry_gardened_gates,
          patterned_corridor
D:5:      layout_cave_pods, doesnt_shop_hydraphobe

Skill      XL: |  1  2  3  4  5 |
---------------+----------------+-----
Dodging        | 2 |  2.3
Fighting       | 4 |  4.4
Axes           | 5 6 7 |  7.0
Armour         | 3 |  3.0
Stealth        | |  0.2

Action                   |  1- 3 |  4- 6 || total
-------------------------+-------+-------++-------
Melee: Hand axe          |   101 |    52 ||   153
       Punch             |     1 |       ||     1
Invok: Berserk           |       |     3 ||     3
  Use: Scroll            |     2 |     3 ||     5
Armor: Animal skin       |    12 |       ||    12
       Chain mail        |    61 |    19 ||    80
Dodge: Dodged            |    79 |    27 ||   106
